 Dungeon Crawl Stone Soup version 0.30-a0-329-g85436e0a43 (console) character file.

Game seed: 3070530006314194172

160 capslocke the Insei (level 5, -5/33 HPs)
             Began as an Octopode Transmuter on Oct 29, 2022.
             Was an Initiate of Gozag.
             Slain by a gnoll
             ... wielding a +0 club
              (8 damage)
             ... on level 4 of the Dungeon.
             The game lasted 00:08:54 (2095 turns).

capslocke the Insei (Octopode Transmuter)           Turns: 2095, Time: 00:08:55

Health: -5/33      AC:  5    Str: 12    XL:     5   Next: 41%
Magic:  9/9        EV: 13    Int: 15    God:    Gozag
Gold:   251        SH:  0    Dex: 12    Spells: 7/10 levels left

rFire   . . .      SeeInvis .      - Unarmed
rCold   . . .      Faith    .    (no shield)
rNeg    . . .      Spirit   .    (helmet currently unavailable)
rPois   .          Reflect  .    e - amulet of magic regeneration
rElec   .          Harm     .    r - +4 ring of protection
rCorr   .          Rampage  .    (no ring)
Will    .....                    (no ring)
Stlth   +++.......               (no ring)
HPRegen 0.25/turn                (no ring)
MPRegen 0.51/turn                (no ring)
                                 (no ring)
                                 (no ring)

@: appendages, wereblooded, gold aura
A: tentacle spike 3, almost no armour, amphibious, 8 rings, camouflage 1,
gelatinous body 1, (nimble swimmer 1), tentacles
a: End Transformation, Renounce Religion, Potion Petition, Call Merchant, Bribe
Branch


You were on level 4 of the Dungeon.
You worshipped Gozag.
Gozag was aware of your devotion.
One of your tentacles had grown a beastly spike.
You visited 1 branch of the dungeon, and saw 4 of its levels.

You collected 289 gold pieces.
You paid 38 gold pieces to Gozag.

Inventory:

Missiles
 j - 3 javelins
Jewellery
 e - an amulet of magic regeneration (around mantle)
 r - a +4 ring of protection (left tentacle)
Wands
 l - a wand of iceblast (1)
 m - a wand of quicksilver (3)
 q - a wand of polymorph (4)
Scrolls
 d - a scroll of enchant weapon {unknown}
 f - 4 scrolls of identify
 k - 3 scrolls of summoning {unknown}
 o - a scroll of noise {unknown}
 p - a scroll of vulnerability {unknown}
Potions
 a - 2 potions of lignification
 b - a potion of haste {unknown}
 c - 3 potions of brilliance
 g - a potion of heal wounds {unknown}
 h - a potion of cancellation {unknown}
 i - a potion of invisibility {unknown}
 n - a potion of attraction {unknown}


   Skills:
 + Level 1.1 Fighting
 + Level 2.4 Dodging
 + Level 1.7 Stealth
 + Level 4.2 Unarmed Combat
 + Level 3.0 Spellcasting
 + Level 3.0 Transmutations


You had 7 spell levels left.
You knew the following spells:

 Your Spells              Type           Power      Damage    Failure   Level
a - Beastly Appendage     Tmut           22%        N/A       6%          1
b - Wereblood             Tmut           11%        N/A       9%          2

Your spell library contained the following spells:

 Spells                   Type           Power      Damage    Failure   Level
 Spider Form              Tmut/Pois      6%         N/A       32%         3
 Ice Form                 Ice/Tmut       6%         N/A       71%         4


Dungeon Overview and Level Annotations

Branches:
Dungeon (4/15)             Temple (0/1) D:4

Altars:
Gozag

Annotations:
D:4 2 transporters, PapaRoan's ghost, amateur OgCA


Innate Abilities, Weirdness & Mutations

One of your tentacles has grown a beastly spike.
You cannot wear most types of armour.
You are amphibious.
You can wear up to eight rings at the same time.
Your skin changes colour to match your surroundings (Stealth+).
Your rubbery body absorbs attacks. (AC +1, EV +1)
((You are camouflaged when in or above water. (Stealth+)))
You have tentacles for arms and can constrict up to eight enemies at once.


Message History

A gnoll comes into view. It is wielding a +0 flail.
A gnoll comes into view. It is wielding a +0 club.
Found a stone staircase leading down.
The gnoll misses you.
You tentacle-slap the gnoll but do no damage.
Your grab misses the gnoll. The gnoll closely misses you.
You closely miss the gnoll. You grab the gnoll. You squeeze the gnoll!
The gnoll is heavily wounded.
You constrict the gnoll.
The gnoll hits you with a +1 vorpal spear.
Casting: Beastly Appendage (safe; 6% risk of failure)
Confirm with . or Enter, or press ? or * to list all spells.
Your blood is infused with primal strength.
You constrict the gnoll, but do no damage.
The gnoll hits you with a +1 vorpal spear.
The gnoll misses you.
You tentacle-slap the gnoll but do no damage.
You squeeze the gnoll.
The gnoll is almost dead.
You constrict the gnoll.
You feel a bit better.
You kill the gnoll!
The gnoll hits you with a +0 flail! The gnoll hits you with a +0 club.
* * * LOW HITPOINT WARNING * * *
Your Transmutations skill increases to level 3!
You tentacle-slap the gnoll. You grab the gnoll. You squeeze the gnoll.
The gnoll is heavily wounded.
You constrict the gnoll. The gnoll closely misses you.
The gnoll hits you with a +0 whip.
* * * LOW HITPOINT WARNING * * *
The gnoll barely misses you.
Aiming: Iceblast
Press: ? - help, Shift-Dir - straight line
Okay, then.
As you read the scroll labelled RATEAFEUJU, it crumbles to dust.
It is a scroll of identify.
c - 3 potions of brilliance You constrict the gnoll.
The gnoll hits you with a +0 flail.
* * * LOW HITPOINT WARNING * * *
The gnoll misses you. The gnoll hits you with a +0 club!
You die...
Your body crumbles into a pile of gold.

..### ####
#...####..# #...#
##......### #...
.......## #...
........# #...
........# #..#
........# #..###
........##
#gg..####
.).......#
#.@g....#
...####..#
#...###>..
...#####.# ##..#
.........##
##.########
.©........#
#........#
######....##
#..####...
J...8##....##
##.##
.....r#..#..##
#.##
...#.W#..##..###.#


You could see 3 gnolls.

Vanquished Creatures
  Jessica (D:2)
  Robin (D:4)
  A gnoll (D:4)
  4 adders
  3 dart slugs
  An orc (D:4)
  3 bats
  10 endoplasms
  2 giant cockroaches
  12 goblins
  10 hobgoblins
  2 quokkas (D:2)
  A ball python (D:1)
  3 frilled lizards
  4 kobolds
  10 rats
68 creatures vanquished.

Notes
Turn   | Place    | Note
-------+----------+-------------------------------------------
     0 | D:1      | capslocke the Octopode Transmuter began the quest for the
                  | Orb.
     0 | D:1      | Reached XP level 1. HP: 13/13 MP: 3/3
   163 | D:1      | Reached XP level 2. HP: 18/18 MP: 3/5
   634 | D:2      | Reached XP level 3. HP: 23/23 MP: 6/6
   747 | D:2      | Noticed Jessica
   753 | D:2      | Killed Jessica
   754 | D:2      | Reached skill level 1 in Stealth
   754 | D:2      | Reached XP level 4. HP: 28/28 MP: 7/7
  1237 | D:3      | Found an opulent altar of Gozag.
  1332 | D:3      | Became a worshipper of Gozag Ym Sagoz the Greedy
  1408 | D:3      | Learned a level 2 spell: Wereblood
  1583 | D:3      | Reached skill level 4 in Unarmed Combat
  1722 | D:3      | Reached XP level 5. HP: 24/33 MP: 9/9
  1916 | D:4      | Found a staircase to the Ecumenical Temple.
  1918 | D:4      | Noticed Robin
  1939 | D:4      | Killed Robin
  1974 | D:4      | Found a transporter.
  1982 | D:4      | Noticed PapaRoan's ghost (amateur OgCA)
  1985 | D:4      | Found a transporter.
  2095 | D:4      | Slain by a gnoll

Illustrated notes

Levels and vault maps discovered:
D:1:      evilmike_arrival_plus, layout_basic
D:2:      minmay_razor_zed, layout_rooms, minmay_misc_feat_five,
          amcnicky_mini_pool_small, uniq_jessica
D:3:      layout_basic, grunt_gozag_statues, minmay_bisected
D:4:      layout_layer_cave, minmay_temple_entry_statues_fountains,
          gammafunk_ghost_arena, uniq_crazy_yiuf_cottage, uniq_robin

Skill      XL: |  1  2  3  4  5 |
---------------+----------------+-----
Stealth        | 1 |  1.7
Unarmed Combat | 4 |  4.2
Spellcasting   | 3 |  3.0
Transmutations | 3 |  3.0
Fighting       | |  1.1
Dodging        | |  2.4

Action                   |  1- 3 |  4- 6 || total
-------------------------+-------+-------++-------
Melee: Unarmed           |    57 |    77 ||   134
       Kick              |    15 |    16 ||    31
       Constrict         |    18 |    17 ||    35
       Tentacles         |    14 |    11 ||    25
 Cast: Beastly Appendage |    17 |    20 ||    37
       Wereblood         |       |     2 ||     2
  Use: Scroll            |       |     2 ||     2
 Stab: Sleeping          |     5 |     1 ||     6
       Confused          |       |     1 ||     1
Armor: Skin              |     1 |     5 ||     6
Dodge: Dodged            |    29 |    53 ||    82

Table legend: (Time is in decaauts)
 A = Elapsed time spent in this place.
 B = Non-inter-level travel time spent in this place.
 C = Inter-level travel time spent in this place.
 D = Time resting spent in this place.
 E = Time spent auto-exploring this place.
 F = Levels seen in this place.
 G = Mean time per level.
                   A        B        C        D        E       F      G
               +--------+--------+--------+--------+--------+-----+--------+
         Total |   2083 |   2004 |     79 |    252 |   1242 |   4 |  520.8 |
       Dungeon |   2083 |   2004 |     79 |    252 |   1242 |   4 |  520.8 |
               +--------+--------+--------+--------+--------+-----+--------+

Top non-repeatable levels by time:
     D:3: 687 daAuts
     D:1: 625 daAuts
     D:2: 592 daAuts
     D:4: 178 daAuts
